 Dungeon Crawl Stone Soup version bcrawl-1.15.1-4-g77d781cab4 (webtiles) character file.

Game seed: 6339690888341646687

8187 MisterOstroum the Destroyer (level 11, -15/74 HPs)
             Began as a Fairy Conjurer on Oct 6, 2019.
             Was a Priest of Cheibriados.
             Demolished by an orc warlord
             ... wielding a +1 glaive of flaming
              (28 damage)
             ... in a bailey.
             The game lasted 00:17:34 (7227 turns).

MisterOstroum the Destroyer (Fairy Conjurer)        Turns: 7227, Time: 00:17:35

Health: -15/74     AC: 12    Str: 19    XL:     11   Next: 26%
Magic:  21/31      EV: 22    Int: 31    God:    Cheibriados [***...]
Gold:   542        SH:  6    Dex: 17    Spells: 6/22 levels left

rFire    . . .     SeeInvis .   a - +0 spear "Liataamn" {pierce, MP+9 Str+5 Dex-3 Stlth+}
rCold    . . .     Gourm    .   (shield restricted)
rNeg     . . .     Faith    .   (armour unavailable)
rPois    .         Spirit   .   G - +2 helmet
rElec    .         Reflect  .   w - +2 cloak
rCorr    +         Harm     .   (no gloves)
MR       ++...                  (no boots)
Stlth    ++........             y - amulet of magic regeneration
HPRegen  0.22/turn              j - ring of resist corrosion
MPRegen  0.47/turn              z - ring of protection from magic

@: flying evasively, studying Air Magic, very slow
A: small, magic attunement, unstealthy, unfitting armour, able to fly, AC/SH +6
a: Stop Flying, Bend Time, Temporal Distortion, Renounce Religion


You were in a bailey.
You worshipped Cheibriados.
Cheibriados was most pleased with you.
You were not hungry.

You visited 2 branches of the dungeon, and saw 9 of its levels.
You also visited: Bailey.

You collected 542 gold pieces.

Inventory:

Hand Weapons
 a - the +0 spear "Liataamn" (weapon) {pierce, MP+9 Str+5 Dex-3 Stlth+}
   (You found it on level 5 of the Dungeon)

   It inflicts extra damage upon your enemies.
   It affects your strength (+5).
   It affects your dexterity (-3).
   It affects your magic capacity (+9).
   It makes you more stealthy.
Missiles
 d - 2031 stones (quivered)
 g - 663 arrows
 h - 458 sling bullets
 o - 2 throwing nets {!f!f}
Armour
 w - a +2 cloak (worn)
 G - a +2 helmet (worn)
Jewellery
 j - a ring of resist corrosion (left hand)
 y - an amulet of magic regeneration (around neck)
 z - a ring of protection from magic (right hand)
 F - an uncursed amulet of rage {unknown}
Wands
 i - a wand of paralysis (1)
 p - a wand of digging (6)
 t - a wand of random effects (15)
 u - a wand of polymorph (10)
Scrolls
 c - 5 scrolls of remove curse {@r2}
 l - 3 scrolls of teleportation {@r3 !r}
 D - a scroll of amnesia
Potions
 b - a potion of magic
 f - 4 potions of flight
 k - 5 potions of curing {unknown}
 n - 4 potions of heal wounds {@q2 !q}
 r - a potion of ambrosia
 s - a potion of resistance
 B - 2 potions of haste {unknown}
 E - 2 potions of berserk rage {unknown}
Books
 v - a manual of Air Magic
Comestibles
 e - 8 rations {!d}
 m - a chunk of flesh


   Skills:
 + Level 6.4 Fighting
 + Level 7.7 Dodging
 - Level 1.5 Stealth
 - Level 6.0 Spellcasting
 - Level 12.0 Conjurations
 - Level 5.0 Hexes
 + Level 7.0 Transmutations
 * Level 4.5 Invocations


You had 6 spell levels left.
You knew the following spells:

 Your Spells              Type           Power        Failure   Level  Hunger
a - Magic Dart            Conj           ####         1%          1    None
b - Searing Ray           Conj           ######       1%          2    None
c - Iskenderun's Mystic   Conj           ######..     1%          3    None
d - Irradiate             Conj/Tmut      ######....   2%          5    None
e - Fulminant Prism       Conj/Hex       ######....   1%          4    None
f - Apportation           Tloc           #.....       4%          1    None

Your spell library contained the following spells:

 Spells                   Type           Power        Failure   Level  Hunger
 Slow                     Hex            #####...     1%          1    None
 Infusion                 Chrm           #.......     4%          1    None
 Sandblast                Erth           #.....       4%          1    None
 Summon Butterflies       Summ           #.......     4%          1    None
 Venom Bolt               Conj/Pois      #####.....   12%         5    None


Dungeon Overview and Level Annotations

Branches:
Dungeon (8/12)             Temple (1/1) D:6
   Lair: D:7-9          Orc: D:8-11

Altars:
Ashenzari
Cheibriados
Dithmenos
Kikubaaqudgha
Lugonu
Makhleb
Nemelex Xobeh
Okawaru
Qazlal
Ru
Trog
Yredelemnul
The Shining One

Shops:
D:8 [


Innate Abilities, Weirdness & Mutations

Your spells do not cause hunger and MP costs are reduced by 1.
Your bright wings attract enemies. (Stealth-)
You cannot fit into any form of body armour.
Your shimmering scales are hard and can block incoming attacks. (AC +6, SH +6)
You are small and have problems with some larger weapons.
You can fly continuously.


Message History

Things that are here:
a +0 war axe; a +0 scale mail Some of the chunks of flesh in your inventory have rotted away.
Things that are here:
a +0 war axe; a +0 chain mail; an orc corpse You butcher the orc corpse.
m - 2 chunks of flesh (gained 1)
Things that are here:
a +0 war axe; a +0 chain mail; an orc skeleton Eating one of 2 chunks of flesh.
You eat one of the 2 chunks of flesh.
This raw flesh tastes terrible.
Things that are here:
a +0 war axe; a +0 chain mail; an orc skeleton An orc warlord comes into view.
It is wielding a +1 glaive of flaming.
Things that are here:
a +0 hand axe; a +0 leather armour An orc warlord is nearby!
An orc warlord is nearby!
Casting: Magic Dart (safe; 1% risk of failure)
Confirm with . or Enter, or press ? or * to list all spells.
Aiming: Fulminant Prism (safe; 1% risk of failure)
Press: ? - help, Dir - move target cursor You conjure a prism of explosive energy!
The orc warlord shouts!
Casting: Fulminant Prism (safe; 1% risk of failure)
Confirm with . or Enter, or press ? or * to list all spells.
Aiming: Fulminant Prism (safe; 1% risk of failure)
Press: ? - help, Dir - move target cursor
Okay, then.
Unknown command.
Casting: Fulminant Prism (safe; 1% risk of failure)
Confirm with . or Enter, or press ? or * to list all spells.
Aiming: Fulminant Prism (safe; 1% risk of failure)
Press: ? - help, Dir - move target cursor You conjure a prism of explosive energy!
Your fulminant prism crackles loudly.
The orc warlord hits your fulminant prism with a +1 glaive of flaming!!!
The orc warlord burns your fulminant prism.
Your fulminant prism explodes!
The blast of energy engulfs the orc warlord.
The orc warlord is lightly wounded.
The blast of energy engulfs your fulminant prism.
Your fulminant prism detonates feebly.
You hear a shout! x2
Casting: Fulminant Prism (safe; 1% risk of failure)
Confirm with . or Enter, or press ? or * to list all spells.
Aiming: Fulminant Prism (safe; 1% risk of failure)
Press: ? - help, Dir - move target cursor You conjure a prism of explosive energy!
Your fulminant prism crackles loudly.
The orc warlord hits your fulminant prism with a +1 glaive of flaming!!
The orc warlord burns your fulminant prism.
Your fulminant prism explodes!
The blast of energy engulfs the orc warlord.
The orc warlord is lightly wounded.
You hear a shout! x2
Casting: Fulminant Prism (safe; 1% risk of failure)
Confirm with . or Enter, or press ? or * to list all spells.
Aiming: Fulminant Prism (safe; 1% risk of failure)
Press: ? - help, Dir - move target cursor You conjure a prism of explosive energy!
Your fulminant prism crackles loudly.
Okay, then.
Unknown command.
Your fulminant prism explodes!
The blast of energy engulfs the orc warlord.
The orc warlord is moderately wounded.
The orc warlord closely misses you.
You hear a shout! x3
Casting: Fulminant Prism (safe; 1% risk of failure)
Confirm with . or Enter, or press ? or * to list all spells.
Aiming: Iskenderun's Mystic Blast (safe; 1% risk of failure)
Press: ? - help, Shift-Dir - straight line, f - orc warlord
Aim: an orc warlord, wielding a +1 glaive of flaming and wearing a +0 plate armour (moderately wounded)
The orb of energy hits the orc warlord.
The orc warlord is moderately wounded.
The orc warlord hits you from afar with a +1 glaive of flaming!!
The orc warlord burns you!
Casting: Iskenderun's Mystic Blast (safe; 1% risk of failure)
Confirm with . or Enter, or press ? or * to list all spells.
Aiming: Iskenderun's Mystic Blast (safe; 1% risk of failure)
Press: ? - help, Shift-Dir - straight line, f/p - orc warlord
Aim: an orc warlord, wielding a +1 glaive of flaming and wearing a +0 plate armour (moderately wounded)
The orb of energy hits the orc warlord.
The orc warlord is heavily wounded.
The orc warlord hits you from afar with a +1 glaive of flaming!!
* * * LOW HITPOINT WARNING * * *
The orc warlord burns you.
* * * LOW HITPOINT WARNING * * *
Unknown command.
Unknown command.
Casting: Iskenderun's Mystic Blast (safe; 1% risk of failure)
Confirm with . or Enter, or press ? or * to list all spells.
Aiming: Iskenderun's Mystic Blast (safe; 1% risk of failure)
Press: ? - help, Shift-Dir - straight line, f/p - orc warlord
Aim: an orc warlord, wielding a +1 glaive of flaming and wearing a +0 plate armour (heavily wounded)
The orb of energy hits the orc warlord.
The orc warlord is severely wounded.
The orc warlord hits you from afar with a +1 glaive of flaming!!
You die...

##....)..##
#.......#
##..[))## ####'##
##..÷)[##
#....)..#
##..)....## .
#...).....# #.
##.....)..@## ##'
#.....⌠.)...#
88.8
##......o..##
..... #.......).#
...).)##)......##
...).)))..)....#
....).)##.....##
..⌠...) #######
..)....


You could see an orc warlord.

Vanquished Creatures
  2 orc knights (Bailey)
  A troll (D:7)
  A hornet (D:7)
  3 hippogriffs
  4 yaks (D:4)
  Sigmund (D:3)
  A hungry ghost (D:7)
  Menkaure (D:5)
  11 orc warriors
  A black bear (D:8)
  2 necrophages
  An ice beast (D:5)
  3 sky beasts
  6 ogres
  A centaur (D:7)
  8 bullfrogs
  A gnoll sergeant (D:5)
  2 scorpions
  A howler monkey (D:4)
  5 crimson imps
  A quasit (D:8)
  3 centaur zombies
  3 hounds
  5 centaur skeletons
  2 orc priests (D:4)
  A jelly (D:6)
  2 iguanas
  4 orc wizards
  10 worker ants
  A hound zombie (D:6)
  2 hound skeletons
  A worker ant zombie (D:7)
  19 gnolls
  7 adders
  2 shadow imps
  An ooze (D:3)
  An adder zombie (D:7)
  An adder skeleton (D:4)
  5 worms
  2 dart slugs (D:3)
  5 leopard geckos
  50 orcs
  2 ball pythons (D:2)
  6 giant cockroaches
  20 goblins
  18 hobgoblins
  21 jackals
  5 kobolds
  A quokka (D:2)
  5 bats
  5 frilled lizards
  6 rats
  4 fulminant prisms
277 creatures vanquished.

Vanquished Creatures (others)
  17 fulminant prisms
  5 toadstools (D:1)
22 creatures vanquished.

Grand Total: 299 creatures vanquished

Notes
Turn   | Place    | Note
-------+----------+-------------------------------------------
     0 | D:1      | MisterOstroum the Fairy Conjurer began the quest for the
                  | Orb.
     0 | D:1      | Reached XP level 1. HP: 11/11 MP: 6/6
    70 | D:1      | Reached skill level 5 in Conjurations
   166 | D:1      | Reached XP level 2. HP: 17/17 MP: 7/7
   191 | D:1      | Learned a level 2 spell: Searing Ray
   494 | D:1      | Reached XP level 3. HP: 21/21 MP: 9/9
   567 | D:1      | Reached skill level 6 in Conjurations
  1084 | D:2      | Learned a level 3 spell: Iskenderun's Mystic Blast
  1327 | D:2      | Reached XP level 4. HP: 27/27 MP: 10/10
  1850 | D:3      | Reached skill level 1 in Fighting
  1950 | D:3      | Reached skill level 7 in Conjurations
  1950 | D:3      | Reached XP level 5. HP: 33/33 MP: 11/11
  2145 | D:3      | Noticed a bullfrog
  2148 | D:3      | Killed a bullfrog
  2148 | D:3      | Reached XP level 6. HP: 31/42 MP: 7/13
  2155 | D:3      | Learned a level 5 spell: Irradiate
  2328 | D:3      | Noticed Sigmund
  2341 | D:3      | Killed Sigmund
  2341 | D:3      | Reached skill level 1 in Transmutations
  2410 | D:3      | Reached XP level 7. HP: 47/47 MP: 12/15
  2700 | D:4      | Noticed a yak
  2703 | D:4      | Noticed a yak
  2722 | D:4      | Noticed a yak
  2732 | D:4      | Killed a yak
  2732 | D:4      | Noticed a yak
  2853 | D:4      | Killed a yak
  2853 | D:4      | Reached skill level 5 in Fighting
  2853 | D:4      | Reached skill level 5 in Spellcasting
  2853 | D:4      | Reached XP level 8. HP: 55/55 MP: 5/17
  2856 | D:4      | Killed a yak
  2856 | D:4      | Reached skill level 8 in Conjurations
  2904 | D:4      | Killed a yak
  3365 | D:4      | Reached skill level 5 in Dodging
  3437 | D:4      | Found a sacrificial altar of Ru.
  3517 | D:4      | Reached skill level 9 in Conjurations
  3517 | D:4      | Reached XP level 9. HP: 61/61 MP: 10/20
  3599 | D:4      | Reached skill level 5 in Transmutations
  4278 | D:5      | Entered Level 5 of the Dungeon
  4507 | D:5      | Reached skill level 10 in Conjurations
  4547 | D:5      | Found a bloodstained altar of Trog.
  4645 | D:5      | Got a smoking spear
  4668 | D:5      | Identified the +0 spear "Liataamn" {pierce, MP+9 Str+5
                  | Dex-3 Stlth+} (You found it on level 5 of the Dungeon)
  4973 | D:5      | Noticed Menkaure
  4976 | D:5      | Killed Menkaure
  5353 | D:6      | Found a staircase to the Ecumenical Temple.
  5359 | Temple   | Entered the Ecumenical Temple
  5420 | Temple   | Became a worshipper of Cheibriados the Contemplative
  5436 | D:6      | Learned a level 4 spell: Fulminant Prism
  5522 | D:6      | Reached XP level 10. HP: 68/68 MP: 21/21
  5549 | D:6      | Reached skill level 1 in Invocations
  5611 | D:6      | Found an ancient bone altar of Kikubaaqudgha.
  5613 | D:6      | Found a shattered altar of Ashenzari.
  5957 | D:7      | Reached skill level 11 in Conjurations
  6182 | D:7      | Reached * piety under Cheibriados
  6304 | D:7      | Identified Sif Muna's Grimoire of Excruciating
                  | Translocation
  6308 | D:7      | Learned a level 1 spell: Apportation
  6784 | D:8      | Found Sarerchu's Antique Armour Shoppe.
  6802 | D:8      | Reached ** piety under Cheibriados
  6871 | D:8      | Found a flagged portal.
  6880 | Bailey   | Entered a bailey
  6905 | Bailey   | Reached skill level 12 in Conjurations
  6940 | Bailey   | Reached skill level 1 in Hexes
  6967 | Bailey   | Reached XP level 11. HP: 74/74 MP: 22/22
  7003 | Bailey   | Reached *** piety under Cheibriados
  7088 | Bailey   | Noticed an orc knight
  7091 | Bailey   | Killed an orc knight
  7148 | Bailey   | Noticed an orc knight
  7159 | Bailey   | Killed an orc knight
  7159 | Bailey   | Reached skill level 5 in Hexes
  7214 | Bailey   | Noticed an orc warlord
  7227 | Bailey   | Demolished by an orc warlord

Skill      XL: |  1  2  3  4  5  6  7  8  9 10 11 |
---------------+----------------------------------+-----
Conjurations   | 5 6 7 9 10 12 | 12.0
Fighting       | 1 3 5 6 |  6.4
Spellcasting   | 3 4 5 6 |  6.0
Transmutations | 1 2 4 6 7 |  7.0
Dodging        | 5 6 7 |  7.7
Invocations    | 4 |  4.5
Hexes          | 1 5 |  5.0
Stealth        | |  1.5

Action                   |  1- 3 |  4- 6 |  7- 9 | 10-12 || total
-------------------------+-------+-------+-------+-------++-------
Melee: Unarmed           |       |     1 |       |       ||     1
       Spear             |       |       |       |     1 ||     1
 Cast: Magic Dart        |    78 |    78 |    25 |    53 ||   234
       Searing Ray       |     3 |     3 |       |     2 ||     8
       Iskenderun's Myst |       |    17 |   131 |   121 ||   269
       Fulminant Prism   |       |       |       |    21 ||    21
       Irradiate         |       |       |       |     2 ||     2
  Use: Potion            |       |     2 |       |       ||     2
       Scroll            |       |       |     8 |     6 ||    14
  Eat: Chunk             |     1 |     3 |    10 |     4 ||    18
Armor: Skin              |     3 |     8 |     4 |     5 ||    20
Dodge: Dodged            |     7 |    17 |     9 |    20 ||    53
Block: Other             |     2 |     7 |     7 |     9 ||    25
